 Dungeon Crawl Stone Soup version 0.16.0-17-g811c1d7 (webtiles) character file.

27015 maniek23 the Unseen (level 13, 0/90 HPs)
             Began as a Vampire Enchanter on Mar 19, 2015.
             Was a High Priest of Sif Muna.
             Succumbed to a water moccasin's poison
             ... on level 4 of the Lair of Beasts on Mar 20, 2015.
             The game lasted 02:48:50 (22984 turns).

maniek23 the Unseen (Vampire Enchanter)            Turns: 22984, Time: 02:48:50

Health: 0/90       AC:  0    Str:  4    XL:     13   Next: 2%
Magic:  13/27      EV: 30    Int: 18    God:    Sif Muna [*****.]
Gold:   1070       SH:  0    Dex: 20    Spells: 9 memorised, 3 levels left

rFire  . . .     SeeInvis +     s - melded +4 dagger (freeze)
rCold  . . .     Clarity  .     x - melded +3 leather armour {rPois}
rNeg   + . .     SustAb   .     (shield currently unavailable)
rPois  .         Gourm    .     h - melded +1 helmet
rElec  .         Spirit   .     (cloak currently unavailable)
rCorr  .         Warding  .     C - melded +0 pair of gloves
rMut   .         Stasis   .     (boots currently unavailable)
MR     +....                    (no amulet)
Stlth  +++++++++.               T - melded ring of fire
                                K - melded ring of ice

@: lethally poisoned (0 -> -33), bat-form, flying, very quick, somewhat
resistant to hostile enchantments, incredibly stealthy
A: bottle blood, (fangs 0), see invisible, deterioration 1, low mp 1,
(unbreathing)
a: End Transformation, Channel Energy, Forget Spell, Renounce Religion


You were on level 4 of the Lair of Beasts.
You worshipped Sif Muna.
Sif Muna was extremely pleased with you.
You were not thirsty.
You were in vampire-bat-form.
You visited 5 branches of the dungeon, and saw 21 of its levels.

You collected 1914 gold pieces.
You spent 844 gold pieces at shops.

Inventory:

Hand weapons
 a - a +5 short sword of protection
 s - a +4 dagger of freezing (melded)
 O - a +3 short sword of draining
 P - a +2 dagger of electrocution
 R - a +3 short sword of speed
Missiles
 b - 4 tomahawks of dispersal
 r - 5 javelins (quivered)
Armour
 h - a +1 helmet (melded)
 x - a +3 leather armour of poison resistance (melded)
 C - a +0 pair of gloves (melded)
 F - a +0 troll leather armour {Snorg}
 N - a +2 robe of cold resistance
 Z - a +2 robe of fire resistance
Jewellery
 l - an uncursed ring of sustain abilities
 H - an uncursed ring of teleport control
 K - a ring of ice (melded)
 M - an uncursed amulet of warding {unknown}
 T - a ring of fire (melded)
 U - an uncursed ring of wizardry
Magical devices
 f - a wand of polymorph (12)
 g - a wand of lightning (5)
 m - a wand of random effects (21)
 y - a wand of magic darts (28)
 B - a wand of disintegration (10)
Scrolls
 e - 4 scrolls of teleportation
 n - 2 scrolls of fog
 p - a scroll of amnesia
 D - a scroll of fear
 E - 4 scrolls of recharging
 I - a scroll of random uselessness {unknown}
 L - 5 scrolls of remove curse
 Y - a scroll of blinking {unknown}
Potions
 d - 17 potions of blood
 i - a potion of magic
 j - 3 potions of brilliance
 k - 4 potions of haste
 o - 3 potions of flight
 q - 7 potions of restore abilities
 t - 2 potions of resistance
 u - 6 potions of curing
 v - 2 potions of berserk rage
 w - 5 potions of heal wounds
 z - 3 potions of mutation
 J - a potion of might
 Q - a potion of lignification
 W - a potion of invisibility {unknown}
Books
 c - a book of Maledictions

   Spells                             Type                      Level
   a - Corona                         Hexes                        1
   b - Sure Blade                     Hexes/Charms                 2
   c - Ensorcelled Hibernation        Hexes/Ice                    2
   d - Confuse                        Hexes                        3
   e - Dazzling Spray                 Conjuration/Hexes            3
   f - Enslavement                    Hexes                        4
 A - a book of Frost

   Spells                             Type                      Level
   a - Freeze                         Ice                          1
   b - Throw Frost                    Conjuration/Ice              2
   c - Ozocubu's Armour               Charms/Ice                   3
   d - Throw Icicle                   Conjuration/Ice              4
   e - Summon Ice Beast               Ice/Summoning                4
   f - Condensation Shield            Ice                          4
 G - a book of Fire

   Spells                             Type                      Level
   a - Ignite Poison                  Fire/Transmutation           5
   b - Fireball                       Conjuration/Fire             5
   c - Bolt of Fire                   Conjuration/Fire             6
   d - Delayed Fireball               Conjuration/Fire             7
   e - Ring of Flames                 Charms/Fire                  7
 S - a book of Party Tricks

   Spells                             Type                      Level
   a - Summon Butterflies             Summoning                    1
   b - Apportation                    Translocation                1
   c - Tukima's Dance                 Hexes                        3
   d - Alistair's Intoxication        Transmutation/Poison         4
   e - Invisibility                   Hexes                        6
 V - a book of Beasts

   Spells                             Type                      Level
   a - Summon Butterflies             Summoning                    1
   b - Call Canine Familiar           Summoning                    3
   c - Summon Ice Beast               Ice/Summoning                4
   d - Summon Mana Viper              Hexes/Summoning              5
   e - Monstrous Menagerie            Summoning                    6
   f - Summon Hydra                   Summoning                    7
 X - a book of Spatial Translocations

   Spells                             Type                      Level
   a - Apportation                    Translocation                1
   b - Blink                          Translocation                2
   c - Shroud of Golubria             Charms/Translocation         2
   d - Portal Projectile              Translocation                3
   e - Teleport Other                 Translocation                3
   f - Passage of Golubria            Translocation                4


   Skills:
 + Level 4.7 Fighting
 + Level 5.2 Short Blades
   Level 1.8 Maces & Flails
 + Level 0.4 Throwing
 + Level 2.6 Armour
 + Level 9.0 Dodging
 + Level 16.9 Stealth
 + Level 0.2 Unarmed Combat
 + Level 9.8 Spellcasting
 + Level 1.9 Conjurations
 + Level 14.4 Hexes
 + Level 1.6 Charms
 + Level 0.7 Translocations
 + Level 2.4 Ice Magic
 + Level 1.1 Evocations


You had 3 spell levels left.
You knew the following spells:

 Your Spells              Type           Power        Failure   Level  Hunger
a - Invisibility          Hex            ######..     14%         6    ######.
b - Confuse               Hex            ######..     1%          3    None
c - Sure Blade            Hex/Chrm       #####.....   3%          2    None
d - Dazzling Spray        Conj/Hex       #####...     4%          3    None
e - Enslavement           Hex            ######..     2%          4    ###....
f - Ensorcelled Hibernat  Hex/Ice        #####.       3%          2    None
g - Tukima's Dance        Hex            ######..     1%          3    None
h - Blink                 Tloc           N/A          28%         2    None
i - Teleport Other        Tloc           ##......     41%         3    None


Dungeon Overview and Level Annotations

Branches:
Dungeon (11/15)            Temple (1/1) D:4            Lair (4/8) D:11
  Snake (0/5) Lair:4          Orc (4/4) D:9             Elf (1/3) Orc:4
  Swamp: Lair:3-6    Shoals: Lair:3-6

Altars:
Ashenzari
Cheibriados
Dithmenos
Elyvilon
Fedhas
Gozag
Kikubaaqudgha
Makhleb
Nemelex Xobeh
Okawaru
Qazlal
Ru
Sif Muna
Trog
Vehumet
Xom
Yredelemnul
Zin
The Shining One
Beogh

Shops:
Orc:4 (?[(


Innate Abilities, Weirdness & Mutations

You can bottle blood from corpses.
((You have razor-sharp teeth.))
You have supernaturally acute eyesight.
((You can survive without breathing.))
Your body is slowly deteriorating.
Your magical capacity is low (-10% MP).


Message History

Your ring of ice melds into your body.
Your ring of fire melds into your body.
Your +4 dagger of freezing stops glowing.
You no longer feel resistant to poison.
* * * LOW HITPOINT WARNING * * *
You feel very sick. The water moccasin closely misses you.
The water moccasin misses you.
A black mamba comes into view.
* * * LOW HITPOINT WARNING * * *
You feel sick.
The black mamba hisses angrily.
The water moccasin bites you.
* * * LOW HITPOINT WARNING * * *
You are more poisoned.
The water moccasin poisons you!
* * * LOW HITPOINT WARNING * * *
You feel sick. The black mamba completely misses you.
* * * LOW HITPOINT WARNING * * *
You feel sick.
A black mamba comes into view.
You die...

# # .# .. ... ..# ...
### ##..# ... #..
#SS.## ....
....##..####^.... .##
........b....##
#.#...S#P.....# ##
..#.# ##.S..S######
###. #
#SS.S..#.P.###../
#S..P..S....#P...
#............†....r(
#....P.P..P.#......#.
P....####P.#######.##.
....# ##.# ####.


You could see 3 black mambas, 4 water moccasins and an adder.

Vanquished Creatures
  An orc warlord (Orc:3)
  The ghost of Xorborg the Artisan of Death, a powerful DDNe of Kikubaaqudgha (Orc:4)
  Snorg (Orc:3)
  Fannar (Orc:3)
  Harold (Orc:3)
  A centaur warrior (D:11)
  An orc high priest (Orc:4)
  Urug (Orc:2)
  Nergalle (Lair:1)
  A deep elf knight (Elf:1)
  An ugly thing (D:11)
  A centaur zombie (D:10)
  3 black mambas
  A spiny frog (Lair:1)
  A komodo dragon (Lair:1)
  A deep elf priest (Elf:1)
  A fire drake (Lair:3)
  A troll (D:11)
  3 two-headed ogres
  Prince Ribbit (D:4)
  4 blink frogs (Lair:4)
  A deep elf mage (Elf:1)
  2 basilisks
  17 yaks
  5 hippogriffs
  2 steam dragons
  4 deep elf fighters (Elf:1)
  7 water moccasins
  Edmund (Orc:1)
  6 porcupines
  22 orc warriors
  2 sky beasts
  3 phantoms
  4 ice beasts
  7 ogres
  2 wasps
  5 centaurs
  8 crocodiles
  Sigmund (D:2)
  2 big kobolds
  7 giant frogs
  3 scorpions
  3 wights (D:6)
  4 killer bees (D:8)
  A giant frog zombie (D:7)
  5 crimson imps
  4 goliath beetles
  21 orc priests
  4 hounds
  2 jellies
  3 giant frog skeletons
  28 orc wizards
  Natasha (thrice) (D:3)
  8 iguanas
  13 worker ants
  6 sheep (Lair:4)
  Ijyb (D:2)
  Jessica (D:3)
  2 hound skeletons (D:8)
  A worker ant zombie (D:11)
  Robin (D:2)
  3 gnolls (D:3)
  18 adders
  2 giant mites
  42 river rats
  3 shadow imps
  2 worms (D:2)
  4 adder skeletons
  An adder zombie (D:7)
  6 giant geckos
  An ooze (D:7)
  192 orcs
  2 bat skeletons
  2 giant cockroaches
  23 hobgoblins
  6 jackals
  26 kobolds
  8 quokkas
  15 bats
  3 giant gecko skeletons
  2 giant newts
  2 giant spores
  28 goblins
  An orc skeleton (Orc:4)
  2 orc zombies (Orc:4)
  2 quokka skeletons
  14 rats
  6 ballistomycetes
  2 butterflies (D:4)
668 creatures vanquished.

Vanquished Creatures (collateral kills)
  An orc sorcerer (Orc:4)
  3 orc warriors
  2 orc priests
  4 orc wizards
  A worker ant (D:6)
  14 orcs
  A goblin (Orc:1)
  A jackal (D:8)
  An orc skeleton (Orc:4)
28 creatures vanquished.

Vanquished Creatures (others)
  A yak (Lair:2)
  4 dancing weapons
  3 orc warriors
  3 orc wizards
  12 orcs
23 creatures vanquished.

Grand Total: 719 creatures vanquished

Notes
Turn   | Place    | Note
--------------------------------------------------------------
     0 | D:1      | maniek23, the Vampire Enchanter, began the quest for the Orb.
     0 | D:1      | Reached XP level 1. HP: 13/13 MP: 3/3
   115 | D:1      | Reached XP level 2. HP: 14/19 MP: 4/4
   508 | D:1      | Reached skill level 5 in Hexes
   936 | D:2      | Reached XP level 3. HP: 21/24 MP: 6/6
   997 | D:2      | Reached skill level 5 in Stealth
  1294 | D:2      | Noticed Robin
  1317 | D:2      | Reached XP level 4. HP: 19/31 MP: 8/8
  1324 | D:2      | Killed Robin
  1329 | D:2      | Learned a level 3 spell: Confuse
  1395 | D:2      | Noticed Ijyb
  1414 | D:2      | Killed Ijyb
  1692 | D:2      | Noticed Sigmund
  1711 | D:2      | Killed Sigmund
  1711 | D:2      | Reached skill level 1 in Fighting
  1711 | D:2      | Reached skill level 1 in Maces & Flails
  1711 | D:2      | Reached XP level 5. HP: 32/37 MP: 3/9
  1947 | D:3      | Noticed Natasha
  1963 | D:3      | Killed Natasha
  2023 | D:3      | Reached skill level 6 in Hexes
  2087 | D:3      | Noticed Natasha
  2093 | D:3      | Killed Natasha
  2168 | D:3      | Noticed Jessica
  2173 | D:3      | Killed Jessica
  2262 | D:3      | Reached XP level 6. HP: 43/43 MP: 11/11
  2385 | D:3      | Noticed Natasha
  2396 | D:3      | Killed Natasha
  2507 | D:4      | Noticed Prince Ribbit
  2559 | D:3      | HP: 1/44 [adder (3)]
  3023 | D:4      | Killed Prince Ribbit
  3023 | D:4      | Reached skill level 7 in Hexes
  3023 | D:4      | Reached XP level 7. HP: 33/49 MP: 12/15
  3578 | D:4      | Found a blossoming altar of Fedhas.
  3633 | D:4      | Found a staircase to the Ecumenical Temple.
  3645 | Temple   | Entered the Ecumenical Temple
  3684 | Temple   | Became a worshipper of Sif Muna the Loreminder
  3874 | D:4      | Learned a level 2 spell: Sure Blade
  3878 | D:4      | Learned a level 3 spell: Dazzling Spray
  3883 | D:4      | Learned a level 4 spell: Enslavement
  4157 | D:5      | Entered Level 5 of the Dungeon
  4160 | D:5      | Noticed a two-headed ogre
  4177 | D:5      | Killed a two-headed ogre
  4238 | D:5      | Reached skill level 8 in Hexes
  4433 | D:5      | Reached XP level 8. HP: 24/57 MP: 5/18
  4688 | D:5      | Reached skill level 5 in Dodging
  5046 | D:5      | Reached skill level 5 in Spellcasting
  5114 | D:5      | Acquired Sif Muna's first power
  5472 | D:6      | Reached skill level 9 in Hexes
  5899 | D:7      | Reached XP level 9. HP: 62/62 MP: 12/22
  5975 | D:7      | Learned a level 2 spell: Ensorcelled Hibernation
  6372 | D:7      | Reached skill level 10 in Stealth
  6677 | D:8      | Acquired Sif Muna's second power
  6832 | D:8      | Learned a level 3 spell: Tukima's Dance
  6843 | D:8      | Reached skill level 11 in Stealth
  6864 | D:8      | Reached skill level 10 in Hexes
  7826 | D:9      | Reached XP level 10. HP: 70/70 MP: 24/24
  8035 | D:9      | Reached skill level 12 in Stealth
  8039 | D:9      | Found a staircase to the Orcish Mines.
  8348 | D:10     | Entered Level 10 of the Dungeon
  8422 | D:10     | Reached skill level 1 in Ice Magic
  9772 | Orc:1    | Entered Level 1 of the Orcish Mines
 11252 | Orc:2    | Learned a level 6 spell: Invisibility
 11262 | Orc:2    | Reached skill level 1 in Charms
 11299 | Orc:3    | Noticed Fannar
 11311 | Orc:3    | Killed Fannar
 11397 | Orc:3    | Noticed Snorg
 11416 | Orc:3    | Killed Snorg
 11416 | Orc:3    | Reached skill level 1 in Armour
 11416 | Orc:3    | Reached skill level 13 in Stealth
 11416 | Orc:3    | Reached skill level 1 in Conjurations
 11416 | Orc:3    | Reached XP level 11. HP: 68/76 MP: 11/26
 11472 | Orc:3    | Identified a scroll of acquirement
 11962 | Orc:4    | Entered Level 4 of the Orcish Mines
 12011 | Orc:4    | Found a roughly hewn altar of Beogh.
 12020 | Orc:4    | Noticed Xorborg's ghost (powerful DDNe)
 12357 | Orc:4    | Found a roughly hewn altar of Beogh.
 12405 | Orc:4    | Found a roughly hewn altar of Beogh.
 12582 | Orc:4    | Found a roughly hewn altar of Beogh.
 12656 | Orc:4    | Found a roughly hewn altar of Beogh.
 12866 | Orc:4    | Killed Xorborg's ghost
 12994 | Orc:4    | Noticed an orc warlord
 13109 | Orc:3    | Noticed Harold
 13135 | Orc:3    | Killed Harold
 13553 | Orc:4    | Reached skill level 14 in Stealth
 14111 | Orc:3    | Killed an orc warlord
 14111 | Orc:3    | Acquired Sif Muna's third power
 14386 | Orc:4    | Noticed an orc high priest
 14693 | Orc:4    | Found a roughly hewn altar of Beogh.
 14694 | Orc:4    | Found Craucw's Antique Armour Shop.
 14701 | Orc:4    | Gained mutation: Your body is slowly deteriorating. [a neqoxec]
 14705 | Orc:4    | Killed an orc high priest
 14706 | Orc:4    | Found Loanemp's Antique Weapon Boutique.
 14780 | Orc:4    | Bought a runed robe for 16 gold pieces
 14797 | Orc:4    | Bought a glowing short sword for 84 gold pieces
 14797 | Orc:4    | Bought a glowing short sword for 84 gold pieces
 14810 | Orc:4    | Bought a dyed leather armour for 48 gold pieces
 14862 | Orc:4    | Found Psiudgh's Antique Weapon Shop.
 14876 | Orc:4    | Bought a runed dagger for 66 gold pieces
 14970 | Orc:4    | Found a staircase to the Elven Halls.
 15106 | Orc:4    | Found a roughly hewn altar of Beogh.
 15590 | Orc:4    | Found a roughly hewn altar of Beogh.
 15597 | Orc:4    | Found Ker Geff's Magic Scroll Boutique.
 15612 | Orc:4    | Bought a scroll of identify for 28 gold pieces
 15612 | Orc:4    | Bought a scroll of teleportation for 42 gold pieces
 15612 | Orc:4    | Bought a scroll of identify for 28 gold pieces
 15612 | Orc:4    | Bought a scroll of teleportation for 42 gold pieces
 15612 | Orc:4    | Bought a scroll of identify for 28 gold pieces
 15612 | Orc:4    | Bought a scroll of teleportation for 42 gold pieces
 15612 | Orc:4    | Bought a scroll of enchant armour for 105 gold pieces
 15612 | Orc:4    | Bought a scroll of identify for 28 gold pieces
 15612 | Orc:4    | Bought a scroll of fear for 49 gold pieces
 15612 | Orc:4    | Bought a scroll of enchant weapon for 105 gold pieces
 15612 | Orc:4    | Bought a scroll of fear for 49 gold pieces
 15824 | Orc:2    | Noticed Urug
 16024 | Orc:2    | Killed Urug
 16325 | Orc:1    | Noticed Edmund
 16333 | Orc:1    | Killed Edmund
 16473 | Elf:1    | Entered Level 1 of the Elven Halls
 16480 | Elf:1    | Reached XP level 12. HP: 83/83 MP: 23/29
 16587 | Elf:1    | Noticed a deep elf knight
 16976 | Orc:4    | Learned a level 2 spell: Blink
 17403 | Elf:1    | Killed a deep elf knight
 17605 | Elf:1    | Noticed a deep elf demonologist
 17609 | Elf:1    | Noticed a lorocyproca
 17626 | Orc:4    | Upgraded the game from 0.16.0-16-g311141a to 0.16.0-17-g811c1d7
 17638 | Orc:3    | Gained mutation: Your magical capacity is low (-10% MP). [mutagenic glow]
 17973 | D:11     | Reached skill level 1 in Evocations
 18009 | D:11     | Found a staircase to the Lair.
 18073 | D:11     | Reached skill level 15 in Stealth
 18371 | D:11     | Noticed a centaur warrior
 18960 | D:11     | Killed a centaur warrior
 19060 | Lair:1   | Entered Level 1 of the Lair of Beasts
 19333 | Lair:1   | Learned a level 3 spell: Teleport Other
 19570 | Lair:1   | Noticed Nergalle
 19578 | Lair:1   | Killed Nergalle
 19578 | Lair:1   | Reached skill level 5 in Short Blades
 20030 | Lair:2   | Reached skill level 16 in Stealth
 21292 | Lair:3   | Found a shimmering altar of Xom.
 22961 | Lair:4   | Reached XP level 13. HP: 90/90 MP: 22/27
 22963 | Lair:4   | Found a staircase to the Snake Pit.
 22982 | Lair:4   | HP: 4/90 [poisoned by a water moccasin]
 22984 | Lair:4   | Succumbed to a water moccasin's poison

Action                   |  1- 3 |  4- 6 |  7- 9 | 10-12 | 13-15 || total
-------------------------+-------+-------+-------+-------+-------++-------
Melee: Dagger            |    16 |       |   319 |   401 |     8 ||   744
       Whip              |    86 |   139 |    66 |       |       ||   291
       Short sword       |       |       |    58 |   470 |       ||   528
       Unarmed           |       |       |       |    28 |       ||    28
Throw: Javelin           |       |       |       |     8 |       ||     8
 Cast: Confuse           |       |    18 |    59 |    85 |       ||   162
       Corona            |       |     2 |       |       |       ||     2
       Enslavement       |       |       |     7 |    26 |       ||    33
       Sure Blade        |       |       |     5 |    25 |       ||    30
       Dazzling Spray    |       |       |     8 |   112 |     1 ||   121
       Ensorcelled Hiber |       |       |    10 |    51 |     1 ||    62
       Tukima's Dance    |       |       |     5 |    11 |       ||    16
       Invisibility      |       |       |       |    20 |       ||    20
       Blink             |       |       |       |     3 |     2 ||     5
 Abil: Bat Form          |       |       |     2 |    18 |     1 ||    21
       End Transformatio |       |       |     2 |    18 |       ||    20
Evoke: Wand              |       |       |       |    23 |       ||    23
  Use: Potion            |       |     4 |     9 |    21 |       ||    34
       Scroll            |       |     1 |    11 |    25 |       ||    37
 Stab: Sleeping          |     4 |     4 |    40 |   122 |     1 ||   171
       Confused          |       |     4 |    17 |    28 |       ||    49
       Invisible         |       |       |     2 |    34 |       ||    36
       Distracted        |       |       |     2 |     2 |       ||     4
  Eat: Corpse            |     1 |     1 |     4 |    22 |       ||    28
